 Dungeon Crawl Stone Soup version 0.28.0 (webtiles) character file.

Game seed: 16522616029852022769

3836 bande the Cleaver (level 10, -6/61 HPs)
             Began as a Gargoyle Fighter on Feb 12, 2022.
             Was a Believer of Okawaru.
             Mangled by a wight (8 damage)
             ... on level 8 of the Dungeon.
             The game lasted 00:14:07 (11824 turns).

bande the Cleaver (Gargoyle Fighter)               Turns: 11824, Time: 00:14:07

Health: -6/61      AC: 19    Str: 20    XL:     10   Next: 18%
Magic:  0/12       EV: 11    Int:  9    God:    Okawaru [**....]
Gold:   386        SH:  6    Dex: 13    Spells: 9/9 levels left

rFire   . . .      SeeInvis .   a - +0 war axe
rCold   . . .      Faith    .   c - +1 buckler
rNeg    + . .      Spirit   +   h - +0 chain mail
rPois   ∞          Reflect  .   g - +0 helmet
rElec   +          Harm     .   (no cloak)
rCorr   .          Rampage  .   (no gloves)
Will    .....                   (no boots)
Stlth   ..........              s - amulet of guardian spirit
HPRegen 0.20/turn               n - ring "Huory" {rPois rF- EV+4 Slay+3}
MPRegen 0.13/turn               r - ring of protection from fire

@: no status effects
A: sickness immunity, AC +7, negative energy resistance 1, electricity
resistance, torment resistance 1, petrification resistance
a: Renounce Religion, Heroism


You were on level 8 of the Dungeon.
You worshipped Okawaru.
Okawaru was pleased with you.
You visited 2 branches of the dungeon, and saw 9 of its levels.

You collected 386 gold pieces.

Inventory:

Hand Weapons
 a - a +0 war axe (weapon)
Armour
 c - a +1 buckler (worn)
 g - a +0 helmet (worn)
 h - a +0 chain mail (worn)
Jewellery
 n - the ring "Huory" (left hand) {rPois rF- EV+4 Slay+3}
   (You found it on level 4 of the Dungeon)

   [ring of evasion]

   EV:        It affects your evasion (+4).
   Slay:      It affects your accuracy & damage with ranged weapons and melee
   (+3).
   rF:        It makes you vulnerable to fire.
   rPois:     It protects you from poison.
 p - a +6 ring of strength
 r - a ring of protection from fire (right hand)
 s - an amulet of guardian spirit (around neck)
Wands
 i - a wand of acid (11)
 l - a wand of iceblast (16)
Scrolls
 e - 3 scrolls of blinking
 o - 2 scrolls of enchant armour
 t - a scroll of teleportation
Potions
 b - a potion of curing
 d - 2 potions of might
 f - 4 potions of haste
 j - 2 potions of brilliance
 k - 2 potions of attraction {unknown}
 m - a potion of degeneration {unknown}
 q - a potion of flight {unknown}
 u - a potion of lignification {unknown}
 v - a potion of resistance {unknown}
 w - a potion of heal wounds {unknown}


   Skills:
 + Level 6.5 Fighting
 + Level 8.3 Axes
 + Level 7.5 Armour
 - Level 0.4 Dodging
 + Level 5.6 Shields
 * Level 3.7 Invocations
 * Level 4.9 Evocations


You had 9 spell levels left.
You didn't know any spells.
Your spell library contained the following spells:

 Spells                   Type           Power      Damage    Failure   Level
 Conjure Flame            Conj/Fire      0%         6-21      100%        3
 Ignite Poison            Fire/Tmut/Pois 0%         N/A       100%        3
 Portal Projectile        Hex/Tloc       0%         N/A       100%        3
 Stone Arrow              Conj/Erth      0%         3d7       100%        3
 Flame Wave               Conj/Fire      0%         2d4       100%        4
 Sticky Flame             Conj/Fire      0%         2d3       100%        4
 Blade Hands              Tmut           0%         N/A       100%        5
 Excruciating Wounds      Necr           0%         N/A       100%        5
 Lehudib's Crystal Spear  Conj/Erth      0%         10d2      100%        8
 Animate Armour           Summ/Erth      Unusable   N/A       N/A         4

Dungeon Overview and Level Annotations

Branches:
Dungeon (8/15)             Temple (1/1) D:7
   Lair: D:8-11

Altars:
Ashenzari
Cheibriados
Dithmenos
Elyvilon
Fedhas
Gozag
Hepliaklqana
Kikubaaqudgha
Makhleb
Nemelex Xobeh
Okawaru
Qazlal
Ru
Sif Muna
Trog
Uskayaw
Vehumet
Wu Jian
Xom
Yredelemnul
Zin
The Shining One


Innate Abilities, Weirdness & Mutations

You are immune to sickness and miasma.
Your stone body is resilient. (AC +7)
You are immune to poison.
You resist negative energy. (rN+)
You are resistant to electric shocks. (rElec)
You are resistant to unholy torment.
You are immune to petrification.


Message History

The gnoll barely misses you. The wight barely misses you.
The gnoll hits you but does no damage.
Unknown command.
You barely miss the gnoll sergeant.
The gnoll sergeant is heavily wounded.
You block the gnoll sergeant's attack. The gnoll hits you but does no damage.
The wight closely misses you. The gnoll hits you but does no damage.
The gnoll sergeant blocks your attack.
The gnoll sergeant is heavily wounded.
The gnoll sergeant hits you with a +0 trident.
* * * LOW HITPOINT WARNING * * *
The gnoll hits you but does no damage.
The wight hits you from afar with a +4 halberd of freezing.
* * * LOW HITPOINT WARNING * * *
The wight freezes you.
* * * LOW HITPOINT WARNING * * *
The gnoll hits you but does no damage. The gnoll sergeant closely misses you.
The gnoll hits you from afar with a +0 spear.
* * * LOW HITPOINT WARNING * * *
You block the wight's attack. The gnoll hits you but does no damage.
The gnoll sergeant hits you with a +0 trident.
* * * LOW HITPOINT WARNING * * *
The gnoll barely misses you. The wight closely misses you.
The gnoll closely misses you.
You barely miss the wight. You hit the gnoll.
You hit the gnoll but do no damage. You hit the gnoll sergeant.
The gnoll sergeant hits you but does no damage.
The gnoll barely misses you. The wight hits you but does no damage.
The gnoll hits you but does no damage. x2
The gnoll sergeant hits you but does no damage.
Unknown command.
You hit the wight but do no damage.
You hit the gnoll sergeant but do no damage.
You slash the gnoll!
You kill the gnoll!
Okawaru accepts your kill.
You barely miss the gnoll.
The wight hits you with a +4 halberd of freezing!
You die...

$..#..........
.#.).................###
.z.#).z......#.....#...##
....z........#.....#....##
z###)........#...........## ##
#......................# .
#......................##<#
##..........g)........?...
##.........z@.........##
######.##......g..........#
...#................<.)...##
...............>..........#
.....##...................#
...####...............#......
......................##.##...
##########.............#.# ..
##⌠###8#................. .


You could see a gnoll sergeant, a wight and a gnoll.

Vanquished Creatures
  A two-headed ogre (D:7)
  Prince Ribbit (D:4)
  3 slime creatures
  A steam dragon (D:6)
  2 water moccasins
  2 ice beasts (D:8)
  An orc warrior (D:7)
  3 sky beasts
  A hornet zombie (D:6)
  A black bear (D:4)
  3 ogres
  A phantom (D:5)
  2 centaurs (D:7)
  A wyvern zombie (D:7)
  A wyvern skeleton (D:5)
  A wight (D:7)
  2 centaur zombies
  A jelly (D:4)
  A bullfrog skeleton (D:4)
  4 orc priests
  2 hounds
  A centaur skeleton (D:5)
  Jessica (D:2)
  5 iguanas
  An orc wizard (D:7)
  A killer bee zombie (D:7)
  A howler monkey skeleton (D:6)
  Robin (D:3)
  4 gnolls (D:8)
  7 adders
  A white imp (D:6)
  A worm (D:3)
  A dart slug (D:1)
  9 orcs
  3 bats
  7 endoplasms
  A giant cockroach (D:3)
  16 goblins
  9 hobgoblins
  7 jackals
  6 kobolds
  2 quokkas
  4 ball pythons
  A frilled lizard (D:3)
  4 rats
129 creatures vanquished.

Vanquished Creatures (others)
  An ice beast (D:6)
  2 plants (D:4)
3 creatures vanquished.

Grand Total: 132 creatures vanquished

Notes
Turn   | Place    | Note
-------+----------+-------------------------------------------
     0 | D:1      | bande the Gargoyle Fighter began the quest for the Orb.
     0 | D:1      | Reached XP level 1. HP: 14/14 MP: 1/1
   383 | D:1      | Reached XP level 2. HP: 13/19 MP: 2/2
  1352 | D:2      | Found a faded altar of an unknown god.
  1411 | D:2      | Noticed Jessica
  1421 | D:2      | Killed Jessica
  1422 | D:2      | Reached skill level 2 in Axes
  1422 | D:2      | Reached XP level 3. HP: 21/24 MP: 3/3
  2289 | D:2      | Reached XP level 4. HP: 29/29 MP: 4/4
  2415 | D:2      | Reached skill level 3 in Axes
  2415 | D:2      | Reached XP level 5. HP: 9/33 MP: 5/5
  4158 | D:3      | Noticed Robin
  4186 | D:3      | Killed Robin
  4986 | D:4      | Identified the ring "Huory" {rPois rF- EV+4 Slay+3}
  5095 | D:4      | Reached XP level 6. HP: 38/38 MP: 6/6
  5238 | D:4      | Reached skill level 4 in Axes
  5238 | D:4      | Reached skill level 1 in Evocations
  5250 | D:4      | Noticed a black bear
  5261 | D:4      | Killed a black bear
  5683 | D:4      | Reached XP level 7. HP: 16/44 MP: 7/7
  6114 | D:5      | Entered Level 5 of the Dungeon
  6130 | D:5      | Noticed a +0 hand axe
  6131 | D:5      | Noticed a +0 dagger
  6134 | D:5      | Found a hide-covered altar of Uskayaw.
  6146 | D:5      | Noticed Prince Ribbit
  6597 | D:4      | Killed Prince Ribbit
  6598 | D:4      | Reached skill level 5 in Axes
  6598 | D:4      | Reached skill level 5 in Armour
  6886 | D:5      | Reached XP level 8. HP: 41/48 MP: 8/8
  7382 | D:5      | Reached skill level 5 in Fighting
  7507 | D:6      | Reached skill level 6 in Axes
  8631 | D:6      | Got the Grimoire of Stones and the Volcanoes
  8714 | D:6      | Found an iron altar of Okawaru.
  8721 | D:6      | Reached skill level 5 in Shields
  8721 | D:6      | Reached XP level 9. HP: 54/54 MP: 9/9
  8731 | D:6      | Became a worshipper of Warmaster Okawaru
  9014 | D:7      | Reached skill level 1 in Invocations
  9209 | D:7      | Reached skill level 7 in Axes
  9301 | D:7      | Noticed a two-headed ogre
  9316 | D:7      | Killed a two-headed ogre
  9316 | D:7      | Reached * piety under Okawaru
  9682 | D:7      | Found a staircase to the Ecumenical Temple.
  9703 | D:7      | Reached ** piety under Okawaru
  9981 | Temple   | Entered the Ecumenical Temple
 10778 | D:6      | Reached skill level 8 in Axes
 10778 | D:6      | Reached XP level 10. HP: 14/61 MP: 3/12
 11607 | D:8      | HP: 3/61 [gnoll sergeant (7)]
 11821 | D:8      | HP: 3/61 [gnoll (2)]
 11822 | D:8      | HP: 1/61 [gnoll sergeant (2)]
 11824 | D:8      | Mangled by a wight

Illustrated notes

Levels and vault maps discovered:
D:1:      evilmike_arrival_plus, layout_loops_ring, serial_bayou_lagoon_a,
          minmay_misc_feat_plants, minmay_strange_pillars
D:2:      layout_basic, hellmonk_ecumenical_altar_leap_of_faith, uniq_jessica
D:3:      layout_basic, minmay_misc_feat_room, uniq_robin
D:4:      layout_rooms, corexii_shack
D:5:      layout_gridville, dancing_weapons_uskayaw, uniq_prince_ribbit1
D:6:      layout_cave_pools, mainiacjoe_overflow_catwalk,
          nicolae_underground_beach
D:7:      layout_rooms, minmay_temple_entry_purple_smoke, enter_bailey_3
D:8:      layout_rooms, serial_corexii_hall, corexii_hall_statues_i,
          corexii_hall_statues_i
Temple:   mainiacjoe_temple_cubbyholes

Skill      XL: |  1  2  3  4  5  6  7  8  9 |
---------------+----------------------------+-----
Axes           | 2 3 4 5 6 8 |  8.3
Armour         | 4 5 6 7 |  7.5
Fighting       | 4 5 6 |  6.5
Shields        | 4 5 |  5.6
Evocations     | 1 2 3 4 |  4.9
Invocations    | 3 |  3.7
Dodging        | |  0.4

Action                   |  1- 3 |  4- 6 |  7- 9 | 10-12 || total
-------------------------+-------+-------+-------+-------++-------
Melee: War axe           |    77 |   151 |   216 |    53 ||   497
  Use: Scroll            |     6 |     2 |     2 |     1 ||    11
       Potion            |       |       |       |     1 ||     1
Armor: Scale mail        |    12 |       |       |       ||    12
       Chain mail        |    40 |    98 |   141 |    53 ||   332
Dodge: Dodged            |    24 |    76 |   159 |    58 ||   317
Block: Buckler           |    21 |    38 |    81 |    35 ||   175
